[Event "*** Titled Tuesday Blitz"]
[Site "Chess.com"]
[Date "2020.04.28"]
[Round "6"]
[White "2L8IWUN"]
[Black "bazar-wokzal"]
[Result "1/2-1/2"]
[WhiteElo "2700"]
[BlackElo "2509"]
[TimeControl "180+1"]
[EndTime "11:07:37 PDT"]
[Termination "Game drawn - insufficient material"]

1. Nf3 f5 2. g3 d6 3. d4 Nf6 4. Bg2 g6 5. O-O Bg7 6. b3 O-O 7. Bb2 Ne4 8. Nbd2 c5 9. e3 Nc6 10. c4 Nxd2 11. Qxd2 cxd4 12. Nxd4 Bd7 13. Rad1 Nxd4 14.
Bxd4 Bc6 15. Bxg7 Kxg7 16. Qd4+ Rf6 17. c5 e5 18. Qc4 Bxg2 19. Kxg2 Rc8 20. b4 Qc7 21.
Qb5 a6 22. cxd6 axb5 23. dxc7 Rxc7 24. Rd5 e4 25. Rxb5 Ra6 26. Rd1 Rxa2 27. Rc5 Rxc5 28. bxc5 Rc2 29. Rd7+ Kh6 30. Rc7 g5 31. h3 Kg6 32.
Rxb7 Rxc5 33. g4 f4 34. Rb6+ Kg7 35. exf4 gxf4 36. Re6 Rc4 37. Re8 Kf7 38. Re5 Kg6 39.
Rf5 e3 40. fxe3 fxe3 41. Re5 Rc3 42. h4 Kf6 43. Re4 h5 44. gxh5 Kf5 45. Rb4 e2 46. Kf2 Re3 47. Rb5+ Kf6 48. Rb1 Rh3 49. Kxe2 Rxh4 50.
Rb6+ Kg7 51. Rb7+ Kh6 52. Rb6+ Kxh5 53. Rb5+ Kg4 54. Rb4+ Kg3 55. Rxh4 Kxh4 1/2-1/2

[Event "*** Titled Tuesday Blitz"]
[Site "Chess.com"]
[Date "2020.04.28"]
[Round "6"]
[White "AshotParvanyan"]
[Black "Rodalquilar"]
[Result "0-1"]
[WhiteElo "2464"]
[BlackElo "2617"]
[TimeControl "180+1"]
[EndTime "11:07:37 PDT"]
[Termination "Rodalquilar won on time"]

1. e4 e5 2. Nf3 Nc6 3. d4 exd4 4. Nxd4 Bb4+ 5. c3 Bc5 6. Nxc6 bxc6 7. Bd3 d6 8. O-O Qh4 9. Nd2 Nf6 10. Nf3 Qh5 11.
Nd4 Bg4 12. Qa4 Bd7 13. Bf4 O-O 14. Qc2 Rfe8 15. Rae1 Bb6 16. h3 c5 17. Nf5 c4 18.
Bxc4 Nxe4 19. Ng3 Nxg3 20. Bxg3 Qg5 21. Qd3 h5 22. Qf3 h4 23. Bf4 Qf6 24. Bd5 Rac8 25.
Bb7 Rb8 26. Be4 c6 27. Be3 Qxf3 28. Bxf3 Bxe3 29. Rxe3 Rxe3 30. fxe3 Rxb2 31. c4 Rxa2 32. Rd1 d5 33. cxd5 cxd5 34. Rxd5 Be6 35. Rd8+ Kh7 36. Be4+ g6 37. Rd4 Ra1+ 38. Kf2 a5 39. Bd3 Ra2+ 40. Kf3 Kg7 41. Rxh4 Bd5+ 42. Be4 Be6 43. Bd3 Ra3 44.
Rd4 a4 45. Bc4 Bf5 46. Rd7 Bxd7 0-1

[Event "*** Titled Tuesday Blitz"]
[Site "Chess.com"]
[Date "2020.04.28"]
[Round "6"]
[White "ferdipy"]
[Black "chessablanca"]
[Result "0-1"]
[WhiteElo "2274"]
[BlackElo "2447"]
[TimeControl "180+1"]
[EndTime "11:07:37 PDT"]
[Termination "chessablanca won by resignation"]

1. e4 e5 2. Nf3 Nc6 3. Bc4 Bc5 4.
b4 Bxb4 5. c3 Bd6 6. d4 Nf6 7.
Nbd2 O-O 8. O-O h6 9. Re1 Re8 10.
Bd3 b6 11. Nc4 exd4 12. e5 dxc3 13. exd6 b5 14. dxc7 Qxc7 15. Rxe8+ Nxe8 16. Ne3 b4 17. a3 Nf6 18. axb4 Nxb4 19. Ba3 Rb8 20. Rc1 d5 21. Bxb4 Rxb4 22. Nxd5 Nxd5 23. Bh7+ Kxh7 24. Qxd5 Qc4 25. Qxc4 Rxc4 26. Ne5 Rc7 27. Nf3 Bf5 28. Nd4 Bg6 29. Nb5 Rc5 30. Nxc3 a5 31. f3 a4 32. Kf1 a3 33. Ke1 a2 34. Nxa2 Re5+ 35. Kf2 Ra5 36. Nc3 Rc5 37. Ne2 Re5 38. Re1 Rb5 39. g3 Rb2 40.
Ke3 Bf5 41. h4 Kg6 42. g4 Bc8 43. Nf4+ Kf6 44. Nd5+ Ke5 45. Nc3 Rb3 46. Kd3+ Kd6 47. Kc4 Rb7 48. Rd1+ Ke7 49. Nd5+ Ke8 50. Re1+ Be6 51.
Kc5 Rd7 52. Nf4 Re7 53. Nxe6 fxe6 54. Kd6 Kf7 55. f4 Re8 56. f5 Rd8+ 57. Ke5 exf5 58. Kxf5 g6+ 59. Kf4 Kf6 60. Rd1 Rxd1 0-1

[Event "*** Titled Tuesday Blitz"]
[Site "Chess.com"]
[Date "2020.04.28"]
[Round "6"]
[White "JonahWillow"]
[Black "Marty435"]
[Result "1-0"]
[WhiteElo "2696"]
[BlackElo "2541"]
[TimeControl "180+1"]
[EndTime "11:07:38 PDT"]
[Termination "JonahWillow won by checkmate"]

1. e4 c6 2. d4 d5 3. Nc3 dxe4 4. Nxe4 Bf5 5. Nc5 Nd7 6. Nxb7 Qb6 7. Nc5 Nxc5 8. dxc5 Qxc5 9. Bd3 Nf6 10. Nf3 e6 11.
O-O Be7 12. Re1 Rd8 13. Qe2 Bxd3 14. cxd3 O-O 15. Be3 Qa5 16. Rec1 Qa6 17. Ne5 Rc8 18. Bc5 Bxc5 19. Rxc5 Rfd8 20. a3 Rd5 21. Rac1 Rxc5 22. Rxc5 Nd5 23. Qc2 Ne7 24. Qc3 Qb7 25. b4 Nd5 26. Qc2 Ne7 27. Nc4 Qd7 28. Na5 h6 29.
h3 Qd6 30. Qc3 Qd7 31. Qc4 Rd8 32. Nxc6 Nxc6 33. Rxc6 Qxd3 34. Qxd3 Rxd3 35. Ra6 Rd7 36. f4 g6 37. Kf2 Kg7 38. Ke3 Kf6 39. b5 h5 40. a4 Kf5 41. Rc6 Kf6 42. Ke4 Rd1 43.
Rc7 Re1+ 44. Kf3 Rf1+ 45. Ke3 Re1+ 46. Kd3 Rd1+ 47. Ke2 Rd4 48. Rxa7 Rxf4 49. b6 Rb4 50. b7 g5 51. a5 g4 52. hxg4 hxg4 53. a6 Kg5 54. Ra8 Kf4 55. b8=Q+ Rxb8 56. Rxb8 Kg3 57. Rg8 f5 58. a7 Kxg2 59. a8=Q+ Kg1 60. Rh8 g3 61.
Rh1# 1-0

[Event "*** Titled Tuesday Blitz"]
[Site "Chess.com"]
[Date "2020.04.28"]
[Round "6"]
[White "kushagramohan"]
[Black "CSB7"]
[Result "0-1"]
[WhiteElo "2677"]
[BlackElo "2514"]
[TimeControl "180+1"]
[EndTime "11:07:38 PDT"]
[Termination "CSB7 won by resignation"]

1. e4 e5 2. Nf3 Nc6 3. Bb5 Nf6 4. O-O Nxe4 5. Re1 Nd6 6. Nxe5 Be7 7. Bf1 Nxe5 8.
Rxe5 O-O 9. d4 Ne8 10. d5 Bc5 11. Be3 d6 12. Bxc5 dxc5 13. Nc3 Nd6 14. Qe2 Bd7 15.
Re1 Qf6 16. g3 Rae8 17. f4 Qd8 18. Bg2 f6 19. Re7 Qxe7 20. Qxe7 Rxe7 21. Rxe7 Rd8 22.
Ne4 Kf8 23. Rxd7 Rxd7 24. Nxc5 Re7 25. Kf2 Kf7 26. b3 b6 27. Na6 f5 28. c4 Kf6 29.
Bf3 h6 30. h4 g5 31. fxg5+ hxg5 32. hxg5+ Kxg5 33. Bg2 Ne4+ 34. Bxe4 fxe4 35. Ke3 Kg4 36. b4 Kf5 37. c5 Rg7 38. Nxc7 Rxc7 39. d6 Rd7 40. Kd4 bxc5+ 41. bxc5 e3 42. Kd5 e2 43. c6 e1=Q 44. cxd7 Qa5+ 45. Kc6 Qd8 46. a4 a5 47. g4+ Kxg4 48. Kb7 Kf5 49. Kc6 Ke6 0-1

[Event "*** Titled Tuesday Blitz"]
[Site "Chess.com"]
[Date "2020.04.28"]
[Round "6"]
[White "RaphaeI"]
[Black "MilanovicDan"]
[Result "1-0"]
[WhiteElo "2636"]
[BlackElo "2471"]
[TimeControl "180+1"]
[EndTime "11:07:38 PDT"]
[Termination "RaphaeI won on time"]

1. c4 c5 2. Nf3 b6 3. e4 Bb7 4.
Nc3 d6 5. d4 cxd4 6. Nxd4 Nf6 7. Qe2 g6 8. g3 Bg7 9. Bg2 O-O 10.
O-O Nbd7 11. Rd1 Rb8 12. Bg5 h6 13. Be3 a6 14. Rac1 Kh7 15. b4 Ba8 16. h3 Rc8 17. Kh2 Re8 18. Nd5 e6 19. Nc3 Qc7 20. Ndb5 axb5 21. Nxb5 Qb8 22. Nxd6 Rf8 23. Nxc8 Rxc8 24. c5 bxc5 25. bxc5 Bc6 26. Bf4 Qa8 27. f3 e5 28.
Be3 Nf8 29. Rb1 Ne6 30. Rb6 Bf8 31. Qb2 Nd7 32. Rb4 Nexc5 33. Rc4 Ne6 34. Rdc1 Bb7 35. Rxc8 Bxc8 36. Qb5 Bg7 37. a4 Ba6 38. Qxd7 Kg8 39. Qd6 Nd4 40. Rb1 Kh7 41. Rb8 Qa7 42. Qb6 Qxb6 43.
Rxb6 Be2 44. a5 Nxf3+ 45. Kh1 Nd4 46. a6 1-0

[Event "*** Titled Tuesday Blitz"]
[Site "Chess.com"]
[Date "2020.04.28"]
[Round "6"]
[White "Nikolakis2014"]
[Black "GMHess"]
[Result "0-1"]
[WhiteElo "2713"]
[BlackElo "2888"]
[TimeControl "180+1"]
[EndTime "11:07:39 PDT"]
[Termination "GMHess won by resignation"]

1. Nf3 g6 2. c4 Bg7 3. d4 f5 4. Nc3 c5 5. g3 cxd4 6. Nxd4 Nc6 7. Nf3 Bxc3+ 8. bxc3 Qa5 9. Bg2 Nf6 10. O-O O-O 11. Bh6 Re8 12. Nd4 Ne5 13. Qb3 Qc5 14. Nb5 Nfg4 15. Bf4 a6 16. h3 Nxf2 17. Rxf2 axb5 18.
cxb5+ e6 19. Qb4 Qxb4 20. cxb4 Nc4 21. e4 fxe4 22. Bxe4 d5 23. Bg2 Ra3 24. Raf1 h5 25. Kh2 Bd7 26. Bh6 Bxb5 27. Rf7 Ne5 28. Rg7+ Kh8 29.
Re1 Nd3 30. Re3 Rxa2 31. Rxg6 Kh7 32. Rf6 d4 33. Ref3 Bc6 34. Kh1 Rxg2 35. Rf7+ Kg8 36. Rg7+ Kh8 37. Kxg2 Ne1+ 38. Kf2 Nxf3 39. Rf7 Kg8 40.
Rg7+ Kh8 41. Rg6 e5 42. Rf6 Kh7 43. Bc1 e4 44. Rh6+ Kg7 45. Bf4 e3+ 46. Ke2 d3+ 47.
Kxd3 e2 48. Re6 Rxe6 49. Bd2 Nxd2 50. Kxd2 e1=Q+ 0-1

[Event "*** Titled Tuesday Blitz"]
[Site "Chess.com"]
[Date "2020.04.28"]
[Round "6"]
[White "AcsinteMatei"]
[Black "hypert"]
[Result "1-0"]
[WhiteElo "2303"]
[BlackElo "2526"]
[TimeControl "180+1"]
[EndTime "11:07:39 PDT"]
[Termination "AcsinteMatei won on time"]

1. d4 Nf6 2. Bf4 d5 3. e3 c5 4. c3 Nc6 5. Nd2 cxd4 6. exd4 g6 7. Ngf3 Bg7 8. Bd3 O-O 9. Ne5 Bf5 10. Bxf5 gxf5 11.
Qf3 Ne4 12. Qh3 e6 13. Nef3 Qf6 14. O-O Qg6 15. Rfe1 b5 16. Re3 Qg4 17. Qxg4 fxg4 18. Nxe4 gxf3 19. Ng3 fxg2 20. Nh5 Kh8 21. Rg3 Rg8 22.
a4 b4 23. Rc1 Bf8 24. cxb4 Rxg3 25. hxg3 Nxb4 26. Be5+ f6 27. Nxf6 Nd3 28. Rc7 Bg7 29.
Kxg2 Rf8 30. Nd7 Rxf2+ 31. Kh3 Nxe5 32. dxe5 h6 33. Rxa7 Rxb2 34. a5 d4 35. Nc5 Bxe5 36.
a6 Bb8 37. Rb7 Rxb7 38. axb7 e5 39. Kg4 Kg7 40. Nd7 Bc7 41. b8=Q Bxb8 42. Nxb8 1-0

[Event "*** Titled Tuesday Blitz"]
[Site "Chess.com"]
[Date "2020.04.28"]
[Round "6"]
[White "Bacyanide"]
[Black "Bathory44"]
[Result "0-1"]
[WhiteElo "2397"]
[BlackElo "2573"]
[TimeControl "180+1"]
[EndTime "11:07:40 PDT"]
[Termination "Bathory44 won by checkmate"]

1. d4 Nf6 2. Nf3 g6 3. c4 Bg7 4. g3 O-O 5. Bg2 d6 6. O-O c5 7.
d5 e6 8. Nc3 exd5 9. cxd5 Re8 10. Re1 Na6 11. a3 Nc7 12. e4 Bg4 13. h3 Bxf3 14.
Bxf3 Rb8 15. Bg2 b5 16. Kh2 Nd7 17. f4 h5 18. Be3 b4 19. axb4 Rxb4 20. Qc2 Qb8 21.
Ra2 Nb5 22. Nxb5 Rxb5 23. Re2 Rb3 24. Bc1 Bd4 25. Ra6 Nf6 26. Rxa7 Rxg3 27. Rxf7 Rxg2+ 28. Rxg2 Kxf7 29. e5 Rg8 30. exf6 Bxf6 31. f5 g5 32. Qe2 Be5+ 33. Kh1 Qd8 34. Qxh5+ Kf8 35. Bxg5 Qa5 36. Qh6+ Rg7 37. Be7+ Kxe7 38. Rxg7+ Bxg7 39. Qxg7+ Kd8 40. Qf6+ Kc7 41. Qe7+ Kc8 42. Qe6+ Kc7 43. f6 Qa1+ 44. Kg2 Qxb2+ 45. Kg3 Qc3+ 46. Kg4 Qd4+ 47. Kg5 Qd2+ 48. Kg6 Qd3+ 49. Kg7 Qg3+ 50. Kf8 Qh4 51. f7 Qh8+ 52. Ke7 Qd8# 0-1

[Event "*** Titled Tuesday Blitz"]
[Site "Chess.com"]
[Date "2020.04.28"]
[Round "6"]
[White "Ghost_Pepper"]
[Black "Azatic"]
[Result "0-1"]
[WhiteElo "2270"]
[BlackElo "2635"]
[TimeControl "180+1"]
[EndTime "11:07:41 PDT"]
[Termination "Azatic won by resignation"]

1. e4 c5 2. Nf3 e6 3. g3 Nc6 4.
Bg2 Nge7 5. O-O d6 6. d4 cxd4 7. Nxd4 g6 8. c4 Bg7 9. Be3 O-O 10. Nc3 a6 11. Rc1 Bd7 12. b3 Rc8 13. Kh1 Qc7 14.
f4 Rfd8 15. Qe2 Nxd4 16. Bxd4 Bxd4 17. f5 Bxc3 18. Rxc3 exf5 19. Rcf3 Bc6 20. Rf4 Re8 21. Qb2 b5 22. h4 bxc4 23. h5 cxb3 24. h6 f6 25. Qxf6 Nd5 26. exd5 Bb5 27. Ra1 bxa2 28.
Rxa2 Qe7 29. Qxe7 Rxe7 30. g4 Rf7 31. Raf2 Rcf8 32. gxf5 Rxf5 33. Rxf5 Rxf5 34. Rc2 Rh5+ 35. Kg1 Rxh6 36. Kf2 Rh5 37. Ke3 Re5+ 38. Kd4 Kg7 39.
Be4 h5 40. Rc7+ Kf6 41. Rh7 Rg5 42. Rh8 Rg4 43. Rf8+ Kg5 44. Rd8 Rg1 45. Rxd6 Kf4 46. Rxg6 Rd1+ 47. Kc5 Kxe4 48. Re6+ Kf5 49. Rh6 Kg5 50.
Rh8 h4 51. d6 Rc1+ 52. Kb6 Rc6+ 53. Kb7 Rxd6 0-1

[Event "*** Titled Tuesday Blitz"]
[Site "Chess.com"]
[Date "2020.04.28"]
[Round "6"]
[White "Grischuk"]
[Black "ChessQueen"]
[Result "1-0"]
[WhiteElo "3110"]
[BlackElo "2732"]
[TimeControl "180+1"]
[EndTime "11:07:42 PDT"]
[Termination "Grischuk won by resignation"]

1. Nf3 Nf6 2. g3 b6 3. d4 e6 4.
c4 Bb7 5. Bg2 Be7 6. Nc3 O-O 7.
Qc2 c5 8. d5 exd5 9. Ng5 Na6 10. Nxd5 Bxd5 11. cxd5 d6 12. a3 Nc7 13. h4 h6 14. Bd2 Nb5 15. e3 Re8 16. a4 Nc7 17. Bc3 g6 18. Ne6 Qd7 19. Nf4 Qg4 20. Rd1 Nh5 21. Nxh5 Qxh5 22. Qe2 Qxe2+ 23. Kxe2 Bf8 24. f4 h5 25. g4 Bg7 26. gxh5 gxh5 27. Bf3 Bxc3 28.
bxc3 Kf8 29. Rb1 Re7 30. Kd2 Rae8 31. Rhe1 Re4 32. Bxe4 Rxe4 33. Kd3 f5 34. c4 Na6 35.
a5 Nb4+ 36. Rxb4 cxb4 37. axb6 axb6 38. Rb1 Re7 39. Rxb4 Rb7 40. Rb1 Kf7 41. Kc3 Kf6 42.
Kb4 Re7 43. Rb3 Rg7 44. Kb5 Rg4 45.
Kc6 Rxh4 46. Kxd6 Rh1 47. Kc7 h4 48. Rxb6+ Kg7 49. d6 h3 50. d7 Rd1 51. d8=Q 1-0

[Event "*** Titled Tuesday Blitz"]
[Site "Chess.com"]
[Date "2020.04.28"]
[Round "6"]
[White "Gubajdullin"]
[Black "GiorgianBarbosa"]
[Result "1-0"]
[WhiteElo "2487"]
[BlackElo "2310"]
[TimeControl "180+1"]
[EndTime "11:07:43 PDT"]
[Termination "Gubajdullin won on time"]

1. d4 Nf6 2. Bf4 g6 3. e3 Bg7 4. Nf3 O-O 5. Be2 d5 6. O-O c5 7.
c3 b6 8. a4 Nc6 9. Ne5 Bb7 10.
Nxc6 Bxc6 11. Be5 Nd7 12. Bxg7 Kxg7 13. a5 e5 14. dxe5 Nxe5 15. Nd2 Qe7 16. Nf3 Rfd8 17. Nxe5 Qxe5 18. Bf3 b5 19. Qd2 Rab8 20. b4 cxb4 21.
cxb4 Rbc8 22. Rac1 Bb7 23. Rc5 Rxc5 24. bxc5 Bc6 25.
Rb1 h5 26. a6 Rb8 27. Qb4 h4 28. Qxh4 b4 29. Qd4 Qxd4 30. exd4 b3 31. Kf1 b2 32. Ke1 Bd7 33. g4 f5 34. Kd2 fxg4 35. Be2 Rb4 36. Kc3 Ra4 37. Rxb2 Bf5 38. Rb7+ Kf6 39. Rxa7 Ra3+ 40.
Kb4 Ra2 41. Bb5 Rb2+ 42. Ka5 Ra2+ 43. Kb6 Rb2 44. Rb7 Rxf2 45. a7 Rxh2 46. a8=Q Kg5 47. Qd8+ 1-0

[Event "*** Titled Tuesday Blitz"]
[Site "Chess.com"]
[Date "2020.04.28"]
[Round "6"]
[White "GracefulYear"]
[Black "Chuchofrio1"]
[Result "0-1"]
[WhiteElo "2453"]
[BlackElo "2250"]
[TimeControl "180+1"]
[EndTime "11:07:43 PDT"]
[Termination "Chuchofrio1 won by checkmate"]

1. d4 f5 2. c4 Nf6 3. g3 d6 4. Bg2 g6 5. Nc3 Bg7 6. b3 O-O 7.
Bb2 Nc6 8. Nf3 Qe8 9. O-O e5 10.
Nb5 Qe7 11. dxe5 dxe5 12. Ba3 Nb4 13. Qd2 a5 14. Nc3 Rd8 15. Qc1 e4 16. Nd2 Qe5 17. Bb2 Qe7 18. a3 Nc6 19. Rd1 Be6 20. Nf1 Rxd1 21.
Qxd1 Rd8 22. Qe1 Nd4 23. Ne3 Nxb3 24. Rd1 c6 25. f3 exf3 26. exf3 Nc5 27. Qe2 Rxd1+ 28.
Qxd1 Qd7 29. Qxd7 Nfxd7 30. Ncd1 Nd3 31. Bc3 Bxc3 32. Nxc3 N7e5 33. f4 Nxc4 34. Bf1 Nxe3 35. Bxd3 Bc4 36. Bc2 Nxc2 37. Na4 Nxa3 38. Nc5 b5 39.
Nb7 a4 40. Kf2 Nc2 41. Nd6 Be6 42. Ke2 Nd4+ 43. Kd3 Nf3 44. h3 Bc4+ 45. Kc3 Kf8 46. Nxc4 bxc4 47. Kxc4 c5 48. Kxc5 a3 49. Kd5 a2 50. Kc4 a1=Q 51. g4 Qd4+ 52. Kb5 fxg4 53. hxg4 Qxf4 54. Ka6 Qxg4 55. Kb5 Qd4 56. Kc6 g5 57.
Kb5 g4 58. Kc6 h5 59. Kb5 h4 60. Kc6 g3 61. Kb5 h3 62. Kc6 g2 63. Kb5 h2 64. Kc6 g1=Q 65. Kb5 h1=Q 66. Kc6 Qc1+ 67. Kb5 Qh5+ 68. Ka6 Qd6+ 69. Ka7 Qa5+ 70. Kb7 Qcc6# 0-1

[Event "*** Titled Tuesday Blitz"]
[Site "Chess.com"]
[Date "2020.04.28"]
[Round "6"]
[White "RodinMihail"]
[Black "Art10ECHR"]
[Result "0-1"]
[WhiteElo "2526"]
[BlackElo "2394"]
[TimeControl "180+1"]
[EndTime "11:07:44 PDT"]
[Termination "Art10ECHR won on time"]

1. e4 c5 2. Nf3 Nc6 3. d4 cxd4 4.
Nxd4 g6 5. Nc3 Bg7 6. Nde2 Nf6 7.
g3 O-O 8. Bg2 d6 9. O-O Rb8 10.
a4 b6 11. h3 Ba6 12. Re1 Nd7 13. Be3 Na5 14. Bd4 Nc4 15. Bxg7 Kxg7 16. b3 Na5 17.
Nd4 Rc8 18. Ncb5 Bxb5 19. axb5 Rc7 20. c4 Qb8 21. Rc1 Kg8 22. b4 Nb7 23. Nc6 Qe8 24. Nxa7 Nd8 25. Nc6 Nxc6 26. bxc6 Rxc6 27. e5 Nxe5 28.
Rxe5 dxe5 29. Bxc6 Qxc6 30. Qe2 f6 31. Qe3 Rd8 32. h4 Rd4 33. c5 Rxb4 34. cxb6 Qxb6 35.
Qd3 Rb2 36. Qf3 Rb1 37. Qd5+ Kg7 38. Rxb1 Qxb1+ 39. Kg2 Qb6 40. Qd7 Qd6 41. Qe8 Qe6 42. h5 gxh5 43. Qxh5 e4 44. Qe2 Qf5 0-1

[Event "*** Titled Tuesday Blitz"]
[Site "Chess.com"]
[Date "2020.04.28"]
[Round "6"]
[White "Grootneus"]
[Black "Chessmatus"]
[Result "1-0"]
[WhiteElo "2198"]
[BlackElo "2328"]
[TimeControl "180+1"]
[EndTime "11:07:44 PDT"]
[Termination "Grootneus won by resignation"]

1. e4 e5 2. Nf3 Nc6 3. Bb5 Nf6 4. d3 Bc5 5. c3 O-O 6. Bxc6 dxc6 7. Nxe5 Re8 8. Nf3 Bd6 9. h3 c5 10. O-O b6 11.
Bg5 h6 12. Bh4 Ba6 13. Re1 g5 14. Bg3 Bxg3 15. fxg3 Qxd3 16. Qxd3 Bxd3 17. e5 Nd5 18. Nbd2 Re6 19. a3 Rae8 20. c4 Ne7 21. Ne4 Bxe4 22.
Rxe4 Nc6 23. Rae1 f6 24. Rd1 Nxe5 25. Nxe5 fxe5 26. Rd7 R6e7 27. Rd5 Kf7 28. Kf2 Kf6 29. g4 Re6 30. Rd7 R8e7 31. Rd8 Rd6 32. Rf8+ Kg7 33.
Rf5 Rd2+ 34. Re2 Rxe2+ 35. Kxe2 Kg6 36. Ke3 e4 37. Rf8 a5 38. a4 Kg7 39. Rf5 Rd7 40. Rd5 Rxd5 41. cxd5 Kf6 42. Kxe4 Ke7 43. Ke5 Kd7 44. Kf6 Kd6 45. Kg6 Kxd5 46. Kxh6 Kc4 47. Kxg5 Kb3 48. h4 Kxb2 49. h5 c4 50. h6 c3 51. h7 c2 52. h8=Q+ Ka2 53. Qc3 Kb1 54. Qb3+ Kc1 55. Kf4 Kd2 56. Qd5+ Kc3 57. Qe5+ Kb3 58.
Qa1 c6 59. g5 b5 60. axb5 cxb5 61. g6 a4 62. g7 a3 63. g8=Q+ 1-0

[Event "*** Titled Tuesday Blitz"]
[Site "Chess.com"]
[Date "2020.04.28"]
[Round "6"]
[White "ulises2013"]
[Black "ama18"]
[Result "1-0"]
[WhiteElo "2625"]
[BlackElo "2466"]
[TimeControl "180+1"]
[EndTime "11:07:45 PDT"]
[Termination "ulises2013 won on time"]

1. d4 Nf6 2. c4 e6 3. Nf3 a6 4.
e3 d5 5. b3 c5 6. Bb2 cxd4 7. Nxd4 Bb4+ 8. Bc3 Bxc3+ 9. Nxc3 O-O 10. Be2 dxc4 11. Bxc4 b5 12. Be2 Bb7 13. Bf3 Bxf3 14. Qxf3 Qa5 15. O-O Nbd7 16. Ne4 Nxe4 17. Qxe4 Nf6 18. Qf3 Rac8 19. Nc6 Qc7 20. Rac1 Kh8 21.
Rc2 Qd6 22. Rfc1 Rc7 23. Nd4 Rxc2 24. Rxc2 h6 25. h3 Nd5 26. g3 Kg8 27. Kg2 Nb4 28.
Re2 Rc8 29. Qb7 Qd5+ 30. Qxd5 Nxd5 31. Rc2 Rxc2 32. Nxc2 Nc3 33. a3 Kf8 34. Kf3 Ke7 35. e4 Kd6 36. Ke3 Nd1+ 37. Ke2 Nc3+ 38. Kd3 Nd1 39.
Ke2 Nc3+ 40. Ke3 a5 41. f4 Nd1+ 42. Ke2 1-0

[Event "*** Titled Tuesday Blitz"]
[Site "Chess.com"]
[Date "2020.04.28"]
[Round "6"]
[White "skoularikii"]
[Black "Camels1981"]
[Result "1-0"]
[WhiteElo "2527"]
[BlackElo "2215"]
[TimeControl "180+1"]
[EndTime "11:07:45 PDT"]
[Termination "skoularikii won by resignation"]

1. e4 c5 2. Nf3 d6 3. Bb5+ Bd7 4. c4 g6 5. Nc3 Bg7 6. d4 cxd4 7. Nxd4 Nc6 8. Be3 Nf6 9. f3 O-O 10. Bxc6 bxc6 11.
O-O Qc7 12. Rc1 Rab8 13. Qd2 Rfc8 14. Rfd1 Qa5 15. Nde2 Be6 16. b3 Nd7 17. Bg5 f6 18. Be3 Bf7 19. Nf4 Ne5 20. Nd3 Nxd3 21. Qxd3 Rd8 22. Na4 d5 23. exd5 cxd5 24. c5 d4 25. c6 Qc7 26. Bd2 Rd6 27. Qa6 Rc8 28. Ba5 Rxc6 29.
Bxc7 Rxa6 30. Rxd4 e5 31. Rd8+ Rxd8 32. Bxd8 Be6 33.
Be7 Bd7 34. Nc5 Rc6 35. Rd1 Be8 36. Ne4 Kf7 37. Bc5 Ke6 38. Bxa7 Rc2 39. Rd2 Rc1+ 40. Kf2 Bh6 41. Rd6+ Ke7 42. Rxf6 Rc2+ 43. Kg3 Rxa2 44.
Bc5+ Kd7 45. Rd6+ Kc7 46. Nf6 Bf4+ 47. Kh3 Bc6 48. b4 Bb5 49. Nxh7 Bf1 50. Rxg6 Rc2 51.
Nf6 Rc3 52. Nd5+ 1-0

[Event "*** Titled Tuesday Blitz"]
[Site "Chess.com"]
[Date "2020.04.28"]
[Round "6"]
[White "awesomevishesh"]
[Black "vohiraa"]
[Result "0-1"]
[WhiteElo "2508"]
[BlackElo "2231"]
[TimeControl "180+1"]
[EndTime "11:07:45 PDT"]
[Termination "vohiraa won on time"]

1. d4 d5 2. c4 c6 3. Nf3 Nf6 4.
e3 Bf5 5. Nc3 e6 6. Nh4 Bg4 7.
Qb3 Qb6 8. h3 Bh5 9. g4 Bg6 10.
Nxg6 hxg6 11. g5 Nh5 12. e4 Qxb3 13. axb3 Na6 14. Be3 Nb4 15. Kd2 Bd6 16. Ra4 a5 17. exd5 exd5 18. cxd5 cxd5 19. Nb5 Kd7 20. Nxd6 Kxd6 21.
Be2 Rhc8 22. Rc1 Rxc1 23. Kxc1 Rc8+ 24. Kd1 b6 25. Bd2 Nc6 26. Bg4 Rc7 27. Be3 Re7 28.
Ra1 f5 29. gxf6 gxf6 30. Rc1 f5 31. Bf3 Nf6 32. Bf4+ Kd7 33. Be3 Ne4 34. Be2 Re8 35. Bb5 Rc8 36. f3 Nd6 37. Ba6 Ra8 38. Bd3 Rh8 39.
Kd2 Rxh3 40. Rg1 Rh2+ 41. Be2 Ne7 42. Bf4 Rh4 43. Bg5 Rxd4+ 44. Kc3 Rb4 45. Bxe7 Kxe7 46. Rxg6 Nb5+ 47. Bxb5 Rxb5 0-1

[Event "*** Titled Tuesday Blitz"]
[Site "Chess.com"]
[Date "2020.04.28"]
[Round "6"]
[White "Qvalda"]
[Black "korbul"]
[Result "0-1"]
[WhiteElo "2406"]
[BlackElo "2598"]
[TimeControl "180+1"]
[EndTime "11:07:46 PDT"]
[Termination "korbul won on time"]

1. e4 c5 2. Nc3 Nc6 3. Bb5 Nd4 4.
Nf3 Nxb5 5. Nxb5 d6 6. d4 cxd4 7. Qxd4 a6 8. Nc3 e5 9. Qd3 h6 10. O-O Nf6 11. h3 Be7 12. a4 b6 13. Nd5 Nxd5 14. Qxd5 Rb8 15. Be3 O-O 16. Rfd1 Bb7 17. Qd3 Qc7 18. c4 Qc6 19. Nd2 Bc8 20. b4 Be6 21. b5 Qb7 22. Rab1 a5 23. Rbc1 Qc7 24. f3 Rfc8 25. Rc2 Qd7 26. Rdc1 Kh8 27. Nf1 f5 28.
Bf2 fxe4 29. fxe4 Rf8 30. Ne3 Bg5 31. Rf1 Bxe3 32. Bxe3 Rxf1+ 33. Qxf1 Qe7 34. Rf2 Kh7 35. Kh2 Rc8 36. Rc2 Qh4 37. Bxb6 Qxe4 38. Qe2 Qf4+ 39.
g3 Qf5 40. Bxa5 Qxh3+ 41. Kg1 Qxg3+ 42. Qg2 Qe3+ 43. Qf2 Qg5+ 44. Qg2 Qf5 45. Qf2 Qe4 46.
Qg2 Qd3 47. Qe2 Qb3 48. Be1 Bf5 49. Rc3 Qb1 50. Rg3 Bg6 51. Rg2 Rf8 52. Kh2 Rf5 53. Bg3 Rh5+ 54. Bh4 Rxh4+ 55. Kg3 Rf4 56. c5 Qf5 57.
cxd6 Bh5 0-1

[Event "*** Titled Tuesday Blitz"]
[Site "Chess.com"]
[Date "2020.04.28"]
[Round "6"]
[White "SharapovEvgeny"]
[Black "Balla_Tamas"]
[Result "0-1"]
[WhiteElo "2317"]
[BlackElo "2546"]
[TimeControl "180+1"]
[EndTime "11:07:47 PDT"]
[Termination "Balla_Tamas won on time"]

1. e4 c5 2. Nf3 e6 3. d4 cxd4 4. Nxd4 a6 5. Bd3 Bc5 6. Nb3 Ba7 7. O-O d6 8. c4 Nf6 9. Nc3 O-O 10. Qe2 Nbd7 11.
Be3 Ne5 12. Rad1 Qc7 13. Bxa7 Rxa7 14. f4 Nxd3 15. Qxd3 Ne8 16. Rd2 b6 17. Rfd1 Bb7 18. Nd4 Ba8 19. Kh1 Qc5 20. b3 Rd7 21. Na4 Qc7 22. Qe3 Nf6 23. Nc3 Rfd8 24. h3 Qc5 25.
Re1 Rc8 26. Na4 Qc7 27. Nc3 b5 28. e5 dxe5 29. fxe5 Ne8 30. Red1 Re7 31. Ne4 bxc4 32. Nd6 Rd8 33. Nxc4 Bd5 34. Nf5 Red7 35. Nfd6 Nxd6 36. Nxd6 Rxd6 37. exd6 Qxd6 38. Kg1 h6 39. Qf2 Rc8 40.
Rc2 Rd8 41. Rdc1 Kh7 42. Rc3 Rd7 43. Qc2+ g6 44. Qf2 Qe5 45. Qe3 Qf5 46. Qf2 Qg5 47. h4 Qe7 48. h5 gxh5 49. Rg3 f5 50. Re1 Qf6 51. Qf4 Rg7 52. Rxg7+ Kxg7 0-1

[Event "*** Titled Tuesday Blitz"]
[Site "Chess.com"]
[Date "2020.04.28"]
[Round "6"]
[White "BikingBrian"]
[Black "Aleksandar-Topalov"]
[Result "0-1"]
[WhiteElo "2328"]
[BlackElo "2502"]
[TimeControl "180+1"]
[EndTime "11:07:48 PDT"]
[Termination "Aleksandar-Topalov won by resignation"]

1. d4 Nf6 2. Bg5 g6 3. Bxf6 exf6 4. e3 h5 5. h4 f5 6. g3 Bh6 7. Ne2 d6 8. Bg2 Nd7 9. c4 Nf6 10. Nbc3 Ng4 11. Nf4 O-O 12. O-O Re8 13. c5 c6 14.
cxd6 Qxd6 15. Qb3 Bxf4 16. gxf4 Qf6 17. f3 Nxe3 18. Rfe1 Qxh4 19. Ne4 fxe4 20. Qxe3 Bh3 21. fxe4 Bxg2 22. Kxg2 Rad8 23. Rad1 Rd7 24. Rd3 Rde7 25.
e5 Rd7 26. Qg3 Qxg3+ 27. Kxg3 Red8 28. Red1 Rd5 29. b4 b6 30. f5 gxf5 31. Kf4 c5 32. bxc5 bxc5 33. Rg1+ Kf8 34. Kxf5 Rxd4 35. Rh3 h4 36.
Rgh1 Rc8 37. Ra3 Rc7 38. Rb3 Ke7 39. Rb8 c4 40. Rg1 c3 41. Rgg8 c2 42. Rge8+ Kd7 43. Rbd8+ Kc6 44. Rxd4 c1=Q 45. Rf4 h3 46. Rh8 Qc2+ 47.
Kf6 h2 48. Rfh4 Qf2+ 49. Kg7 f6+ 50. Kg6 Qg3+ 51. Kf5 Qf3+ 52. Kg6 fxe5 53. Rxh2 Qf7+ 54. Kg5 Qg7+ 55. Kf5 Rf7+ 56. Ke4 Qg4+ 57. Kd3 Rf3+ 58. Kc2 Qc4+ 59. Kb2 Qb4+ 60. Kc2 Rc3+ 61. Kd1 Qb1+ 62.
Ke2 Qb2+ 0-1

[Event "*** Titled Tuesday Blitz"]
[Site "Chess.com"]
[Date "2020.04.28"]
[Round "6"]
[White "Alexander_Zubov"]
[Black "gmgamil"]
[Result "1-0"]
[WhiteElo "2859"]
[BlackElo "2693"]
[TimeControl "180+1"]
[EndTime "11:07:49 PDT"]
[Termination "Alexander_Zubov won by resignation"]

1. d4 Nf6 2. Nf3 g6 3. c4 Bg7 4. Nc3 O-O 5. e4 d6 6. Be2 e5 7. d5 a5 8. Be3 Ng4 9. Bg5 f6 10. Bh4 Na6 11. Nd2 Nh6 12. f3 Bd7 13. a3 g5 14. Bf2 f5 15. Rb1 g4 16. b4 axb4 17.
axb4 gxf3 18. Bxf3 Qg5 19. h3 Qg6 20. O-O Kh8 21.
Kh2 Ng4+ 22. hxg4 fxg4 23. Qe2 Bh6 24. Bh4 Bf4+ 25. g3 Bxd2 26. Qxd2 gxf3 27. Qg5 Qxg5 28. Bxg5 Nb8 29. Kg1 Bh3 30. Rf2 Nd7 31. Nb5 Rac8 32. Ra1 Bg2 33. Ra7 Ra8 34. Rfa2 Rxa7 35. Nxa7 Ra8 36. Be3 Nf6 37. c5 Nxe4 38. Kh2 Nc3 39. Ra3 Nd1 40. Bg1 e4 41. Bd4+ Kg8 42. Ra1 e3 43.
Rxd1 e2 44. Re1 Rxa7 45. cxd6 Ra6 46. dxc7 Rh6+ 47. Kg1 Rh1+ 48. Kf2 Rf1+ 49. Ke3 Rxe1 50. c8=Q+ Kf7 51. Qe6+ Kf8 52. Bf6 1-0